 Dungeon Crawl Stone Soup version 0.13-a0-2398-gfa67c8a (webtiles) character file.

875 seGaPepsi the Ruffian (level 7, 0/70 HPs)
             Began as a Troll Berserker on July 15, 2013.
             Was an Elder of Trog.
             Slain by an unseen horror (3 damage)
             ... on Level 5 of the Dungeon.
             The game lasted 00:32:58 (4214 turns).

seGaPepsi the Ruffian (Troll Berserker)             Turns: 4214, Time: 00:32:58

HP   0/70        AC  5     Str 26      XL: 7   Next: 52%
MP   2/2         EV 10     Int  5      God: Trog [****..]
Gold 110         SH  0     Dex  6 (9)  Spells:  0 memorised,  6 levels left

Res.Fire  : . . .   See Invis. : .     - Unarmed
Res.Cold  : + . .   Warding    : .   b - +0 animal skin
Life Prot.: + . .   Conserve   : .   (shield restricted)
Res.Poison: .       Res.Corr.  : .   (helmet restricted)
Res.Elec. : .       Clarity    : .   (no cloak)
Sust.Abil.: . .     Spirit.Shd : .   (gloves unavailable)
Res.Mut.  : +       Stasis     : .   (boots unavailable)
Res.Rott. : .       Flight     : .   e - amulet of resist mutation
Gourmand  : +                        y - ring of positive energy
                                     w - ring of protection from cold

@: hasted, very quick, slightly resistant to hostile enchantments, very
unstealthy
A: unfitting armour, claws 3, blurry vision 1, fast metabolism 3, gourmand,
regeneration 2, saprovore 2, tough skin 2, AC +1
a: Burn Spellbooks, Berserk, Trog's Hand, Brothers in Arms, Renounce Religion


You were on level 5 of the Dungeon.
You worshipped Trog.
Trog was extremely pleased with you.
You were very full.

You visited 1 branch of the dungeon, and saw 5 of its levels.

You collected 90 gold pieces.

Inventory:

Missiles
 d - 26 darts (quivered)
 k - 19 bolts
 l - 8 needles of frenzy
 n - 38 arrows
 o - 3 steel darts
 r - 4 darts of frost
Armour
 b - a +0 animal skin (worn)
Magical devices
 v - a wand of disintegration (5)
Comestibles
 a - 3 meat rations
 f - 3 bread rations
 q - an apple
Scrolls
 g - a scroll of immolation {unknown}
 h - 4 scrolls of remove curse {unknown}
 i - a scroll of recharging {unknown}
 j - a scroll of fear {unknown}
 m - a scroll of amnesia {unknown}
 s - a scroll of fog {unknown}
 t - a scroll of magic mapping {unknown}
 u - a scroll of noise {unknown}
 C - a scroll of curse weapon {unknown}
Jewellery
 e - an amulet of resist mutation (around neck)
 w - a ring of protection from cold (left claw)
 y - a ring of positive energy (right claw)
Potions
 p - a potion of speed
 A - a potion of poison {unknown}
 B - a potion of restore abilities {unknown}


   Skills:
 + Level 4.5 Fighting
 + Level 3.1 Throwing
 + Level 4.4 Dodging
 + Level 5.1 Unarmed Combat


You had 6 spell levels left.
You didn't know any spells.

Dungeon Overview and Level Annotations

Branches:
Dungeon (5/27)
 Temple: D:4-7

Altars:
Cheibriados
Xom


Innate Abilities, Weirdness & Mutations

You are too large for most types of armour.
You have claws for hands.
Your metabolism is lightning-fast.
You like to eat raw meat.
You heal very quickly.
You can eat rotten meat.
You are covered in fur (AC +1).
You have very tough skin (AC +2).
Your vision is a little blurry.


Message History

Drink which item? (? for menu, Esc to quit)
You feel better. It hits you!
* * * LOW HITPOINT WARNING * * *
Drink which item? (? for menu, Esc to quit)
You feel better. It hits you!
* * * LOW HITPOINT WARNING * * *
Drink which item? (? for menu, Esc to quit)
You feel yourself speed up.
It was a potion of speed.
It hits you!
* * * LOW HITPOINT WARNING * * *
Drink which item? (? for menu, Esc to quit)
You feel extremely strange.
Your vision blurs.
It was a potion of mutation.
It hits you.
* * * LOW HITPOINT WARNING * * *
There isn't anything here!
Drink which item? (? for menu, Esc to quit)
There was something very wrong with that liquid!
You feel clumsy.
It was a potion of degeneration.
It hits you.
You die...

#....................#
#.#.###.......###.####
#...# ##.....## #.#
....# ##...## #.# ##.##
#.##### #.###### #...##
##.....###......#
.....###.............#.#
......##......#........#
......##........@......#
..............#........#
..............##.....###
....#####...#.##.....#
.#..# #####.##.#.###
....##### #.##.#.#
........# #......#
##.####.# ######.#
...####.###### #..#


There were no monsters in sight!

Vanquished Creatures
  The ghost of ilii the Insei, an average DrMo of Makhleb (D:4)
  An orc warrior (D:3)
  An ogre (D:4)
  A crimson imp (D:3)
  2 orc priests (D:4)
  2 hounds
  An orc wizard (D:3)
  A scorpion (D:4)
  A worker ant (D:4)
  Ijyb (D:3)
  2 adders
  A giant mite (D:2)
  2 worms (D:4)
  An adder skeleton (D:4)
  An ooze (D:1)
  9 orcs
  3 ball pythons
  6 bats
  5 giant cockroaches
  11 goblins
  7 hobgoblins
  3 quokkas
  A giant gecko (D:2)
  7 giant newts
  20 kobolds
  14 rats
105 creatures vanquished.

Vanquished Creatures (others)
  A kobold (D:3)
1 creature vanquished.

Grand Total: 106 creatures vanquished

Notes
Turn   | Place    | Note
--------------------------------------------------------------
     0 | D:1      | seGaPepsi, the Troll Berserker, began the quest for the Orb.
     0 | D:1      | Reached XP level 1. HP: 23/23 MP: 0/0
   137 | D:1      | Reached XP level 2. HP: 31/31 MP: 0/0
   648 | D:1      | Acquired Trog's second power
   782 | D:1      | Reached XP level 3. HP: 39/39 MP: 1/1
  1281 | D:2      | Found a snail-covered altar of Cheibriados.
  1766 | D:3      | Reached XP level 4. HP: 46/46 MP: 1/1
  2209 | D:3      | Noticed Ijyb
  2293 | D:3      | Killed Ijyb
  2293 | D:3      | Reached XP level 5. HP: 54/54 MP: 1/1
  2454 | D:3      | Noticed an orc warrior
  2457 | D:3      | Reached skill level 1 in Throwing
  2476 | D:3      | Killed an orc warrior
  2476 | D:3      | Reached skill level 4 in Unarmed Combat
  2718 | D:3      | Found a shimmering altar of Xom.
  2789 | D:4      | Reached XP level 6. HP: 55/62 MP: 2/2
  2835 | D:4      | Noticed ilii's ghost (average DrMo)
  2854 | D:4      | Killed ilii's ghost
  2925 | D:4      | Noticed an ogre
  3036 | D:4      | Killed an ogre
  3036 | D:4      | Reached XP level 7. HP: 70/70 MP: 2/2
  3542 | D:4      | Reached skill level 5 in Unarmed Combat
  3748 | D:4      | Acquired Trog's third power
  4046 | D:5      | Entered Level 5 of the Dungeon
  4213 | D:5      | Gained mutation: Your vision is a little blurry. [potion of mutation]
  4213 | D:5      | HP: 3/70 [something (2)]
  4214 | D:5      | Slain by an unseen horror

Action                   |  1- 3 |  4- 6 |  7- 9 || total
-------------------------+-------+-------+-------++-------
Melee: Unarmed           |   128 |    96 |    39 ||   263
Throw: Dart              |    14 |    18 |    39 ||    71
Invok: Berserk           |       |     3 |       ||     3
  Use: Potion            |       |       |     7 ||     7
       Scroll            |       |       |     4 ||     4
